 Dungeon Crawl Stone Soup version 0.25-a0-566-g062765be81 (webtiles) character file.

Game seed: 15610940894211772303, levelgen mode: deterministic

17625 Aggronaut the Fencer (level 12, -16/89 HPs)
             Began as a Demonspawn Gladiator on Feb 25, 2020.
             Was an Elder of Dithmenos.
             Demolished by Gall2222's ghost (33 damage)
             ... on level 3 of the Lair of Beasts on Feb 28, 2020.
             The game lasted 00:45:40 (12731 turns).

Aggronaut the Fencer (Demonspawn Gladiator)        Turns: 12731, Time: 00:45:41

Health: -16/89     AC: 20    Str: 15    XL:     12   Next: 20%
Magic:  12/12      EV: 17    Int:  9    God:    Dithmenos [****..]
Gold:   748        SH:  0    Dex: 20    Spells: 11/11 levels left

rFire    + . .     SeeInvis .   v - +3 long sword (freeze) (curse)
rCold    . . .     Gourm    .   (no shield)
rNeg     . . .     Faith    .   K - +6 ring mail of the Moon Troll {rF+ Stlth+}
rPois    +         Spirit   .   (helmet unavailable)
rElec    .         Reflect  .   r - +2 cloak
rCorr    .         Harm     .   l - +0 pair of gloves
MR       .....                  (no boots)
Stlth    +++.......             x - amulet of the acrobat
HPRegen  0.24/turn              s - ring of poison resistance
MPRegen  0.13/turn              y - +3 ring of protection

@: mighty, wreathed by umbra
A: horns 3, molten scales 1, demonic guardian 1, foul stench 2, rot immunity
a: Shadow Step, Renounce Religion


You were on level 3 of the Lair of Beasts.
You worshipped Dithmenos.
Dithmenos was greatly pleased with you.
You were hungry.

You visited 2 branches of the dungeon, and saw 12 of its levels.

You collected 748 gold pieces.

Inventory:

Hand Weapons
 v - a cursed +3 long sword of freezing (weapon)
Missiles
 d - 5 throwing nets
 t - 8 poisoned darts (quivered)
Armour
 l - a +0 pair of gloves (worn)
 r - a +2 cloak (worn)
 K - the +6 ring mail of the Moon Troll (worn) {rF+ Stlth+}
   (You found it on level 3 of the Lair of Beasts)

   It protects you from fire.
   It makes you more stealthy.
   If you remove this armour, your AC will decrease by 11 (20 -> 9).
Jewellery
 h - an uncursed ring of fire
 s - a ring of poison resistance (left hand)
 x - an amulet of the acrobat (around neck)
 y - a +3 ring of protection (right hand)
 C - an uncursed ring of protection from magic
 H - a cursed -3 ring of dexterity {unknown}
Wands
 a - a wand of acid (5)
 z - a wand of paralysis (6)
 D - a wand of random effects (15)
 G - a wand of polymorph (13)
Scrolls
 b - a scroll of identify
 e - 4 scrolls of enchant weapon
 i - 3 scrolls of amnesia
 B - 5 scrolls of teleportation
 F - 2 scrolls of remove curse
 I - a scroll of magic mapping
Potions
 g - 8 potions of brilliance
 j - a potion of haste
 k - 2 potions of stabbing
 m - 2 potions of ambrosia
 n - a potion of invisibility
 o - 2 potions of flight
 p - 3 potions of heal wounds
 q - 3 potions of curing
 u - a potion of lignification {unknown}
 w - 2 potions of mutation
 E - a potion of might
Miscellaneous
 J - a lamp of fire (inert)
Comestibles
 f - 15 rations


   Skills:
 + Level 6.4 Fighting
 - Level 15.0 Long Blades
 - Level 1.7 Throwing
 * Level 9.0 Dodging


You had 11 spell levels left.
You didn't know any spells.
Your spell library was empty.

Dungeon Overview and Level Annotations

Branches:
Dungeon (8/15)             Temple (0/1) D:4            Lair (4/6) D:8
  Swamp (0/4) Lair:3       Spider (0/4) Lair:3

Altars:
Dithmenos
Hepliaklqana
Nemelex Xobeh
Trog
Wu Jian
Xom
Yredelemnul
Zin

Annotations:
Lair:3 Gall2222's ghost, journeyman OgCK


Innate Abilities, Weirdness & Mutations

You have a pair of large horns on your head.
You are partially covered in molten scales. (AC +2)
A weak demonic guardian rushes to your aid.
You frequently emit foul miasma when damaged in melee.
You are immune to rotting.


Message History

Gall2222's ghost completely misses your white imp.
You feel very mighty all of a sudden.
Your white imp closely misses Gall2222's ghost.
Gall2222's ghost barely misses your white imp.
Your white imp closely misses Gall2222's ghost.
Gall2222's ghost takes a fighting stance.
Gall2222's ghost hits your white imp!!!
Your white imp dies!
Gall2222's ghost turns its malevolent gaze towards you.
You slash Gall2222's ghost! You freeze Gall2222's ghost.
Gall2222's ghost is severely damaged.
Gall2222's ghost hits you!!
* * * LOW HITPOINT WARNING * * *
You emit a cloud of foul miasma!
You hit Gall2222's ghost. You freeze Gall2222's ghost.
Gall2222's ghost is severely damaged.
You closely miss Gall2222's ghost. Your headbutt misses Gall2222's ghost.
Gall2222's ghost is severely damaged.
Gall2222's ghost hits you!!
You die...

..........#
#..........#..#...♣♣
..........#
##.........#...#.#...
...####P###
#...#..P#P###.######.
#..## ###
###.P##..####..# #.##
#...# #....#P.## ##.#
##.. ...## ###..##..#
#.# #... ##÷#
#.#...### #.# ##..
#÷# #.##....# ##.##
#.. #.#
###..@...P###...# #..
#.##
#.#..#W#P.##..### #..
#..##
#...##.##...#..# #..
#P..#
#..##...##.....# #..
#...#
#.##.....##...## #..
##..#
##.#⌠?!♣%.⌠#....# #..
#.##
#..##..!..##...##
##.. ##.#
##..##...##....# #.#.
#..# #...##⌠##..#..#
#...


You could see Gall2222's ghost.

Vanquished Creatures
  2 hydras
  A two-headed ogre (D:8)
  Pikel (D:5)
  6 elephants (Lair:3)
  A black mamba (Lair:3)
  6 spiny frogs
  A rime drake (Lair:1)
  Prince Ribbit (D:7)
  Grinder (D:6)
  12 blink frogs
  A hippogriff (Lair:2)
  2 bog bodies (Lair:3)
  17 yaks
  A wraith (D:7)
  Eustachio (D:5)
  2 basilisks
  3 swamp worms (Lair:3)
  2 porcupines
  3 water moccasins
  Duvessa (D:4)
  2 black bears (D:6)
  2 slaves (D:5)
  An orc warrior (D:8)
  2 ice beasts (D:6)
  2 phantoms
  4 ogres
  4 crocodiles
  9 bullfrogs
  A gnoll sergeant (D:7)
  A wyvern zombie (D:6)
  Dowan (D:4)
  A water moccasin skeleton (D:8)
  An electric eel (Lair:3)
  4 wights (D:4)
  2 crimson imps (D:8)
  A bullfrog zombie (D:6)
  5 hounds
  2 jellies
  2 bullfrog skeletons (D:8)
  A centaur zombie (D:5)
  6 orc priests
  Jessica (D:2)
  3 iguanas
  Natasha (thrice) (D:2)
  8 orc wizards
  A killer bee zombie (D:8)
  A hound skeleton (D:8)
  7 adders
  9 gnolls
  2 shadow imps
  An ooze (D:5)
  An adder zombie (D:8)
  A worm (D:5)
  4 dart slugs
  3 leopard geckos
  30 orcs
  5 bats
  5 giant cockroaches
  6 hobgoblins
  12 jackals
  3 kobolds
  3 quokkas
  2 frilled lizards
  3 goblins
  A quokka zombie (D:5)
  14 rats
248 creatures vanquished.

Vanquished Creatures (collateral kills)
  An orb spider (Lair:3)
  A spiny frog (Lair:2)
  A polar bear (Lair:2)
  A yak (Lair:1)
  A porcupine (Lair:3)
  2 black bears
  An orc warrior (D:8)
  An ogre (D:4)
  A bullfrog (D:7)
  A scorpion (D:4)
  An orc priest (D:4)
  An orc wizard (D:4)
  A leopard gecko (D:4)
  2 orcs
  A ball python (D:4)
17 creatures vanquished.

Vanquished Creatures (others)
  A slave (D:5)
  7 orcs (D:5)
  A giant cockroach (D:5)
  2 fungi (Lair:2)
11 creatures vanquished.

Grand Total: 276 creatures vanquished

Notes
Turn   | Place    | Note
-------+----------+-------------------------------------------
     0 | D:1      | Aggronaut the Demonspawn Gladiator began the quest for the
                  | Orb.
     0 | D:1      | Reached XP level 1. HP: 16/16 MP: 1/1
    46 | D:1      | Reached skill level 3 in Long Blades
   114 | D:1      | Gained mutation: You are immune to rotting. [demonic
                  | ancestry]
   114 | D:1      | Reached XP level 2. HP: 16/22 MP: 2/2
   601 | D:1      | Gained mutation: You may emit foul miasma when damaged in
                  | melee. [demonic ancestry]
   601 | D:1      | Reached XP level 3. HP: 10/27 MP: 3/3
   954 | D:2      | Noticed Natasha
   963 | D:2      | Killed Natasha
   963 | D:2      | Reached skill level 4 in Long Blades
  1161 | D:2      | Gained mutation: You frequently emit foul miasma when
                  | damaged in melee. [demonic ancestry]
  1161 | D:2      | Reached XP level 4. HP: 33/33 MP: 4/4
  1179 | D:2      | Noticed Natasha
  1183 | D:2      | Killed Natasha
  1245 | D:2      | Noticed Jessica
  1245 | D:2      | Noticed Natasha
  1248 | D:2      | Found a basalt altar of Yredelemnul.
  1251 | D:2      | Killed Natasha
  1251 | D:2      | Reached skill level 5 in Long Blades
  1258 | D:2      | Killed Jessica
  1258 | D:2      | Reached XP level 5. HP: 18/38 MP: 5/5
  1735 | D:2      | Found a sparkling altar of Nemelex Xobeh.
  1927 | D:3      | Found a shadowy altar of Dithmenos.
  2699 | D:3      | Became a worshipper of Dithmenos the Shadowed
  2733 | D:4      | Reached skill level 6 in Long Blades
  2733 | D:4      | Gained mutation: A weak demonic guardian rushes to your
                  | aid. [demonic ancestry]
  2733 | D:4      | Reached XP level 6. HP: 25/44 MP: 6/6
  2995 | D:4      | Noticed Dowan
  3001 | D:4      | Noticed Duvessa
  3022 | D:4      | Killed Duvessa
  3031 | D:4      | Killed Dowan
  3214 | D:4      | Gained mutation: You are partially covered in molten
                  | scales. (AC +2) [demonic ancestry]
  3214 | D:4      | Reached XP level 7. HP: 41/50 MP: 7/7
  3305 | D:4      | Reached skill level 7 in Long Blades
  3316 | D:4      | Found a staircase to the Ecumenical Temple.
  3362 | D:4      | Reached * piety under Dithmenos
  3635 | D:4      | Reached skill level 8 in Long Blades
  4044 | D:5      | Entered Level 5 of the Dungeon
  4070 | D:5      | Found a shimmering altar of Xom.
  4070 | D:5      | Noticed Pikel
  4093 | D:5      | Killed Pikel
  4093 | D:5      | Reached skill level 9 in Long Blades
  4093 | D:5      | Gained mutation: You have a pair of small horns on your
                  | head. [demonic ancestry]
  4093 | D:5      | Reached XP level 8. HP: 42/56 MP: 8/8
  4206 | D:5      | Noticed Eustachio
  4216 | D:5      | Killed Eustachio
  4216 | D:5      | Reached skill level 10 in Long Blades
  4350 | D:5      | Found a hazy altar of Hepliaklqana.
  4636 | D:5      | Found a glowing silver altar of Zin.
  4842 | D:6      | Found a bloodstained altar of Trog.
  4969 | D:6      | Gained mutation: You have a pair of horns on your head.
                  | [demonic ancestry]
  4969 | D:6      | Reached XP level 9. HP: 61/61 MP: 9/9
  5152 | D:6      | Reached skill level 11 in Long Blades
  5195 | D:6      | Noticed Grinder
  5229 | D:6      | Reached ** piety under Dithmenos
  5455 | D:6      | Killed Grinder
  5513 | D:7      | Found an ornate altar of the Wu Jian Council.
  5892 | D:7      | Noticed Prince Ribbit
  5907 | D:7      | Killed Prince Ribbit
  5925 | D:7      | Reached skill level 12 in Long Blades
  6813 | D:8      | Reached *** piety under Dithmenos
  6830 | D:8      | Noticed a two-headed ogre
  6845 | D:8      | Killed a two-headed ogre
  6845 | D:8      | Reached skill level 13 in Long Blades
  6845 | D:8      | Reached XP level 10. HP: 8/67 MP: 10/10
  7209 | D:8      | Found a staircase to the Lair.
  7774 | D:8      | Found an ornate altar of the Wu Jian Council.
  7820 | D:8      | Found a bloodstained altar of Trog.
  7959 | Lair:1   | Entered Level 1 of the Lair of Beasts
  8535 | Lair:1   | Reached skill level 14 in Long Blades
  8542 | Lair:1   | Noticed a spiny frog
  8616 | Lair:1   | Noticed a spiny frog
  8635 | Lair:1   | Killed a spiny frog
  8877 | Lair:1   | Killed a spiny frog
  9101 | Lair:2   | Noticed a spiny frog
  9110 | Lair:2   | Killed a spiny frog
  9110 | Lair:2   | Reached XP level 11. HP: 48/72 MP: 11/11
  9484 | Lair:1   | Upgraded the game from 0.25-a0-558-g78a2afb0af to
                  | 0.25-a0-566-g062765be81
  9489 | Lair:2   | Reached skill level 15 in Long Blades
  9499 | Lair:2   | Reached **** piety under Dithmenos
  9534 | Lair:2   | Noticed a seven-headed hydra
  9562 | Lair:2   | Killed an eight-headed hydra
  9900 | Lair:2   | Reached skill level 5 in Dodging
 10900 | Lair:3   | Noticed Gall2222's ghost (journeyman OgCK)
 10903 | Lair:3   | Found a runed translucent door.
 11183 | Lair:3   | Found a hole to the Spider Nest.
 11183 | Lair:3   | Noticed an orb spider
 11211 | Lair:3   | Got a twisted ring mail
 11222 | Lair:3   | Identified the +6 ring mail of the Moon Troll {rF+ Stlth+}
                  | (You found it on level 3 of the Lair of Beasts)
 11259 | Lair:3   | Killed an orb spider
 11636 | Lair:3   | Reached skill level 5 in Fighting
 11862 | Lair:3   | Gained mutation: You have a pair of large horns on your
                  | head. [demonic ancestry]
 11862 | Lair:3   | Reached XP level 12. HP: 32/87 MP: 12/12
 12294 | Lair:3   | Found a staircase to the Swamp.
 12490 | Lair:3   | Noticed a five-headed hydra
 12517 | Lair:3   | Killed a nine-headed hydra
 12731 | Lair:3   | Demolished by Gall2222's ghost

Levels and vault maps discovered:
D:1:      onia_arrival_larder, layout_rooms, hangedman_abyss_or_decor_stabs,
          dk_noncrumbling_4
D:2:      layout_loops_cross, old_standard_altar, overflow_temple_1_default,
          first_ration, uniq_jessica, uniq_natasha
D:3:      layout_loops_ring, overflow_temple_1_default
D:4:      layout_loops_ring, minmay_temple_entry_sparse_star, uniq_duvessa
D:5:      layout_loops_ring, lemuel_crystal_altar, xom_teletrap_fun,
          basic_altar, kennysheep_nub, uniq_pikel, uniq_eustachio
D:6:      black_bear_nest_2, layout_cave_pools, minivault_4,
          hangedman_decor_riveting, trog_ov_bears_minmay, uniq_grinder
D:7:      layout_loops_ring, basic_altar, uniq_prince_ribbit1
D:8:      layout_basic, kennysheep_mini_moat, lemuel_round_altar,
          grunt_lair_entry_orc_guard_hut, chequers_serial_rivers_small_b,
          kennysheep_doodads
Lair:1:   layout_long_grid, chequers_serial_rivers_small_a
Lair:2:   layout_loops_ring, serial_rivers, chequers_serial_rivers_large_b,
          chequers_serial_rivers_micro_d, chequers_serial_rivers_micro_a,
          chequers_serial_rivers_micro_b, chequers_serial_rivers_small_a,
          st_stairs_6
Lair:3:   layout_roguey, nicolae_swamp_entry_splash_gauntlet,
          nicolae_spider_entry_orb_guardian, hellmonk_ghost_happy_afterlife
Lair:4:   layout_regular_city, minivault_24, lemuel_fruit_fields,
          serial_bayou_shore_b, grunt_megastairs_5

Skill      XL: |  1  2  3  4  5  6  7  8  9 10 11 12 |
---------------+-------------------------------------+-----
Long Blades    | 3 4 5 6 9 10 13 14 15 | 15.0
Dodging        | 3 4 8 9 |  9.0
Fighting       | 5 6 |  6.4
Throwing       | |  1.7

Action                   |  1- 3 |  4- 6 |  7- 9 | 10-12 || total
-------------------------+-------+-------+-------+-------++-------
Melee: Long sword        |    89 |   119 |   298 |   446 ||   952
       Scimitar          |       |       |     3 |       ||     3
       Headbutt          |       |       |    58 |   128 ||   186
Throw: Dart              |       |       |       |    11 ||    11
Evoke: Wand              |       |       |     1 |     5 ||     6
       Lamp of fire      |       |       |       |     1 ||     1
  Use: Scroll            |     4 |     7 |     4 |     9 ||    24
       Potion            |       |     1 |     1 |     2 ||     4
 Stab: Sleeping          |     1 |       |     2 |     3 ||     6
       Paralysed         |       |       |       |     1 ||     1
       Distracted        |       |       |       |     3 ||     3
  Eat: Chunk             |     1 |     6 |     9 |    15 ||    31
       Ration            |       |       |     1 |     1 ||     2
Armor: Leather armour    |    19 |    40 |    72 |    37 ||   168
       Ring mail         |       |       |       |    50 ||    50
Dodge: Dodged            |    57 |    81 |   235 |   296 ||   669
       Rpst.: Long sword |    16 |    24 |    65 |    72 ||   177

Table legend:
 A = Non-vault XP
 B = Vault XP
 C = Vault XP percentage of total XP
 D = Non-vault monster count
 E = Vault monster count
 F = Vault count percentage of total count
                 A         B        C        D         E       F
            +---------+---------+-------+---------+---------+-------
      Total |   20927 |    4252 |  16.9 |     231 |      32 |  12.2
            +---------+---------+-------+---------+---------+-------
        D:1 |      32 |      10 |  23.8 |      17 |       7 |  29.2
        D:2 |     126 |      72 |  36.4 |      16 |       2 |  11.1
        D:3 |      72 |       0 |   0.0 |      17 |       0 |   0.0
        D:4 |     879 |     195 |  18.2 |      33 |       2 |   5.7
        D:5 |     326 |     804 |  71.2 |      13 |       2 |  13.3
        D:6 |     734 |     569 |  43.7 |      17 |       4 |  19.0
        D:7 |     879 |     483 |  35.5 |      30 |       4 |  11.8
        D:8 |    1776 |     230 |  11.5 |      26 |       2 |   7.1
     Lair:1 |    3674 |       0 |   0.0 |      18 |       0 |   0.0
     Lair:2 |    5572 |     387 |   6.5 |      23 |       2 |   8.0
     Lair:3 |    6454 |    1502 |  18.9 |      20 |       7 |  25.9
     Lair:4 |     403 |       0 |   0.0 |       1 |       0 |   0.0
            +---------+---------+-------+---------+---------+-------
